 Dungeon Crawl Stone Soup version 0.31-a0-152-g6aa68a64a1 (webtiles) character file.

Game seed: 5028000503308886862

131 qw the Shooter (level 5, -4/49 HPs)
             Began as a Naga Hunter on June 10, 2023.
             Hit by a javelin thrown by an orc (5 damage)
             ... on level 4 of the Dungeon.
             The game lasted 00:00:57 (2165 turns).

qw the Shooter (Naga Hunter)                        Turns: 2165, Time: 00:00:58

Health: -4/49      AC:  4    Str: 13    XL:     5   Next: 14%
Magic:  5/5        EV:  9    Int: 10    God:
Gold:   146        SH:  0    Dex: 16    Spells: 4/4 levels left

rFire   . . .        Y - +0 shortbow
rCold   + . .        (shield currently unavailable)
rNeg    . . .        c - +0 leather armour
rPois   +            (no helmet)
rElec   .            (no cloak)
rCorr   .            d - +0 pair of gloves
SInv    +            (no barding)
Will    .....        (no amulet)
Stlth   ++           g - ring of protection from cold
HPRegen 0.28/turn    (no ring)
MPRegen 0.09/turn

%: no passive effects
@: short of breath, very slow
A: AC +1, large, see invisible, deformed body, poison resistance, slowness 2,
spit poison 1, naga tail 1
a: Spit Poison


You were on level 4 of the Dungeon.
You visited 1 branch of the dungeon, and saw 4 of its levels.

You collected 146 gold pieces.


Innate Abilities, Weirdness & Mutations

Your serpentine skin is tough. (AC +1)
You have supernaturally acute eyesight. (SInv)
Armour fits poorly on your strangely shaped body.
Your system is resistant to poisons. (rPois)
You cover ground very slowly.
You can spit poison.
You have a snake-like lower body.


   Skills:
 - Level 3.0 Fighting
 + Level 5.3 Ranged Weapons
 - Level 1.5 Dodging
 - Level 1.5 Stealth


You had 4 spell levels left.
You didn't know any spells.
Your spell library was empty.

Inventory:

Hand Weapons
 Y - a +0 shortbow (weapon)
Armour
 c - a +0 leather armour (worn)
 d - a +0 pair of gloves (worn)
 j - a +0 helmet
Jewellery
 a - an amulet of guardian spirit
 f - a +4 ring of protection
 g - a ring of protection from cold (left hand)
Scrolls
 m - a scroll of brand weapon {unknown}
Potions
 b - a potion of brilliance {unknown}
 e - a potion of lignification {unknown}
 h - a potion of curing {unknown}
 i - a potion of resistance {unknown}
 k - a potion of cancellation {unknown}
 l - a potion of attraction {unknown}

Dungeon Overview and Level Annotations

Branches:
Dungeon (4/15)
 Temple: D:4-7

Altars:


Message History

The sky beast is moderately wounded.
The sky beast hits you. The sky beast shocks you.
The orc hits you with a +0 flail.
You shoot an arrow. The arrow barely misses the sky beast.
You have got your breath back.
The sky beast hits you. The sky beast shocks you.
The orc hits you with a +0 flail.
2161 ||| INVOKING Spit Poison.
Aiming: Spit Poison (1% risk of failure)
Press: ? - help, Shift-Dir - straight line, f/p - sky beast The splash of poison hits the sky beast!
The sky beast is poisoned.
The sky beast is severely wounded.
The sky beast hits you but does no damage.
The orc throws a javelin.
The javelin pierces through you. The orc hits you with a +0 flail.
You shoot an arrow. The arrow hits the sky beast.
The sky beast is severely wounded.
The sky beast hits you but does no damage.
The orc hits you with a +0 flail.
The orc throws a javelin.
The javelin pierces through you but does no damage.
You shoot an arrow. The arrow hits the sky beast.
The sky beast is almost dead.
The sky beast hits you. The sky beast shocks you. The orc barely misses you.
The orc hits you with a +0 flail.
The sky beast hits you but does no damage.
The orc wizard hits you with a +0 dagger.
You shoot an arrow. The arrow barely misses the sky beast.
You have got your breath back.
The orc wizard hits you with a +0 dagger.
The sky beast closely misses you.
2165 ||| INVOKING Spit Poison.
Aiming: Spit Poison (1% risk of failure)
Press: ? - help, Shift-Dir - straight line, f/p - sky beast The splash of poison hits the sky beast.
You kill the sky beast!
The orc wizard hits you with a +0 dagger.
The orc barely misses you.
The orc throws a javelin.
The javelin pierces through you.
You die...

#. #.....#.#.. #.
#.....#... #. .....#.. ##
# #...... ## .###.#~....#
#.. #. .....#.....#
#..#####. .......#%..#.#
##...#....
........@....###.........
......ooo##..##.....)....
.........# #.............
.......#.# #.##..........
.......#.# #.##..........
.......#.###.##.........#
#............##.........#
..##.....##..##...##.(#.#
.....##...#..............


You could see an orc wizard and 2 orcs.

Vanquished Creatures
  A sky beast (D:4)
  5 adders
  5 worms
  3 dart slugs
  2 orcs (D:3)
  5 bats
  4 endoplasms
  A giant cockroach (D:1)
  6 hobgoblins
  2 jackals
  6 quokkas
  4 ball pythons
  A frilled lizard (D:2)
  3 goblins
  12 kobolds
  4 rats
64 creatures vanquished.

Notes
Turn   | Place    | Note
-------+----------+-------------------------------------------
     0 | D:1      | qw the Naga Hunter began the quest for the Orb.
     0 | D:1      | Reached XP level 1. HP: 19/19 MP: 1/1
     0 | D:1      | 0 ||| qw: Version: 0.2-a-29-g767f381
     0 | D:1      | 0 ||| qw: Game counter: 3908
     0 | D:1      | 0 ||| qw: Always use a shield: true
     0 | D:1      | 0 ||| qw: God list: Okawaru
     0 | D:1      | 0 ||| qw: Allow faded altars: false
     0 | D:1      | 0 ||| qw: Do Orc after D:15 true
     0 | D:1      | 0 ||| qw: Do second Lair branch before Depths: true
     0 | D:1      | 0 ||| qw: Lair rune preference: random
     0 | D:1      | 0 ||| qw: Plans: Normal
     0 | D:1      | 0 ||| PLANNING D:1-11
    25 | D:1      | 25 ||| INVOKING Spit Poison.
    29 | D:1      | 29 ||| INVOKING Spit Poison.
    64 | D:1      | 64 ||| INVOKING Spit Poison.
    69 | D:1      | 69 ||| INVOKING Spit Poison.
    73 | D:1      | Reached skill level 4 in Ranged Weapons
    73 | D:1      | Reached XP level 2. HP: 13/26 MP: 2/2
    77 | D:1      | 77 ||| INVOKING Spit Poison.
   174 | D:1      | 174 ||| INVOKING Spit Poison.
   179 | D:1      | 179 ||| INVOKING Spit Poison.
   182 | D:1      | 182 ||| INVOKING Spit Poison.
   222 | D:1      | 222 ||| INVOKING Spit Poison.
   223 | D:1      | 223 ||| INVOKING Spit Poison.
   287 | D:1      | Found a faded altar of an unknown god.
   447 | D:1      | 447 ||| INVOKING Spit Poison.
   468 | D:1      | Reached XP level 3. HP: 25/32 MP: 3/3
   549 | D:1      | 549 ||| UPGRADING to +0 pair of gloves.
   554 | D:1      | 554 ||| READING scroll labelled XUUSUD ERELI.
   555 | D:1      | 555 ||| DROPPING scroll of butterflies.
   586 | D:2      | 586 ||| INVOKING Spit Poison.
   607 | D:2      | 607 ||| INVOKING Spit Poison.
   612 | D:2      | 612 ||| INVOKING Spit Poison.
   629 | D:2      | 629 ||| INVOKING Spit Poison.
   635 | D:2      | 635 ||| INVOKING Spit Poison.
   651 | D:2      | 651 ||| INVOKING Spit Poison.
   656 | D:2      | 656 ||| INVOKING Spit Poison.
   659 | D:2      | 659 ||| INVOKING Spit Poison.
   691 | D:2      | 691 ||| INVOKING Spit Poison.
   698 | D:2      | 698 ||| INVOKING Spit Poison.
   862 | D:2      | 862 ||| INVOKING Spit Poison.
   865 | D:2      | Reached skill level 5 in Ranged Weapons
   867 | D:2      | 867 ||| INVOKING Spit Poison.
   868 | D:2      | Reached XP level 4. HP: 39/39 MP: 4/4
   905 | D:2      | 905 ||| INVOKING Spit Poison.
  1018 | D:2      | 1018 ||| INVOKING Spit Poison.
  1284 | D:2      | 1284 ||| INVOKING Spit Poison.
  1289 | D:2      | 1289 ||| DROPPING amulet of magic regeneration.
  1290 | D:2      | 1290 ||| UPGRADING to ring of protection from cold.
  1291 | D:2      | 1291 ||| READING scroll labelled PIPHYD WUKOMYA.
  1292 | D:2      | 1292 ||| READING scroll labelled XUITABRAMI.
  1369 | D:3      | 1369 ||| INVOKING Spit Poison.
  1376 | D:3      | 1376 ||| INVOKING Spit Poison.
  1450 | D:3      | 1450 ||| INVOKING Spit Poison.
  1474 | D:3      | 1474 ||| INVOKING Spit Poison.
  1491 | D:3      | 1491 ||| INVOKING Spit Poison.
  1498 | D:3      | 1498 ||| INVOKING Spit Poison.
  1501 | D:3      | 1501 ||| INVOKING Spit Poison.
  1543 | D:3      | 1543 ||| INVOKING Spit Poison.
  1546 | D:3      | 1546 ||| INVOKING Spit Poison.
  1576 | D:3      | 1576 ||| INVOKING Spit Poison.
  1621 | D:3      | 1621 ||| INVOKING Spit Poison.
  1622 | D:3      | 1622 ||| INVOKING Spit Poison.
  1626 | D:3      | 1626 ||| INVOKING Spit Poison.
  1636 | D:3      | 1636 ||| INVOKING Spit Poison.
  1639 | D:3      | Reached skill level 3 in Fighting
  1670 | D:3      | 1670 ||| INVOKING Spit Poison.
  1676 | D:3      | 1676 ||| INVOKING Spit Poison.
  1681 | D:3      | 1681 ||| INVOKING Spit Poison.
  1684 | D:3      | 1684 ||| INVOKING Spit Poison.
  1687 | D:3      | 1687 ||| INVOKING Spit Poison.
  1705 | D:3      | 1705 ||| INVOKING Spit Poison.
  1776 | D:3      | 1776 ||| INVOKING Spit Poison.
  1954 | D:3      | 1954 ||| READING scroll labelled OCROAZ KETIO.
  1955 | D:3      | 1955 ||| READING scroll labelled LENIFI SYDGHIFE.
  1956 | D:3      | 1956 ||| READING scroll labelled VAUNYNG TUDDIX.
  1969 | D:4      | 1969 ||| INVOKING Spit Poison.
  1975 | D:4      | Reached XP level 5. HP: 49/49 MP: 5/5
  1976 | D:4      | 1976 ||| INVOKING Spit Poison.
  1978 | D:4      | 1978 ||| STAIRDANCE
  1980 | D:3      | 1980 ||| INVOKING Spit Poison.
  2029 | D:4      | 2029 ||| INVOKING Spit Poison.
  2034 | D:4      | 2034 ||| INVOKING Spit Poison.
  2151 | D:4      | Noticed a sky beast
  2153 | D:4      | 2153 ||| INVOKING Spit Poison.
  2153 | D:4      | Noticed Natasha
  2158 | D:4      | 2158 ||| INVOKING Spit Poison.
  2161 | D:4      | 2161 ||| INVOKING Spit Poison.
  2163 | D:4      | HP: 12/49 [sky beast (1)]
  2163 | D:4      | HP: 4/49 [orc/+0 flail (3)]
  2165 | D:4      | 2165 ||| INVOKING Spit Poison.
  2165 | D:4      | Killed a sky beast
  2165 | D:4      | HP: 1/49 [orc wizard/+0 dagger (2)]
  2165 | D:4      | Hit by a javelin thrown by an orc

Levels and vault maps discovered:
D:1:      dpeg_arrival_tiny_c, layout_rooms,
          dreamdust_ecumenical_altar_sealed_demon, minivault_26,
          roderic_st_hans_cross, hangedman_decor_diamond_cutter
D:2:      layout_basic, minmay_fractal_squares_5
D:3:      minmay_razor_zed, layout_rooms, nicolae_the_louvre
D:4:      layout_rooms, uniq_natasha

Skill      XL: |  1  2  3  4 |
---------------+-------------+-----
Ranged Weapons | 4 5 |  5.3
Fighting       | 3 |  3.0
Dodging        | |  1.5
Stealth        | |  1.5

Action                     |  1- 3 |  4- 6 || total
---------------------------+-------+-------++-------
   Fire: Shortbow          |    86 |    73 ||   159
Ability: Spit Poison       |    22 |    32 ||    54
    Use: Scroll            |     1 |     5 ||     6
 Armour: Leather armour    |    17 |    15 ||    32
  Dodge: Dodged            |    29 |    23 ||    52

Table legend:
 A = Non-vault XP
 B = Vault XP
 C = Vault XP percentage of total XP
 D = Non-vault monster count
 E = Vault monster count
 F = Vault count percentage of total count
                 A         B        C        D         E       F
            +---------+---------+-------+---------+---------+-------
      Total |     261 |      60 |  18.7 |      48 |      16 |  25.0
            +---------+---------+-------+---------+---------+-------
        D:1 |      34 |       0 |   0.0 |      19 |       0 |   0.0
        D:2 |      36 |      20 |  35.7 |      13 |       4 |  23.5
        D:3 |      32 |      40 |  55.6 |       9 |      12 |  57.1
        D:4 |     159 |       0 |   0.0 |       7 |       0 |   0.0
            +---------+---------+-------+---------+---------+-------
